 Dungeon Crawl Stone Soup version 0.19-a0-376-gf780d9b (webtiles) character file.

5425 Loading the Grappler (level 10, -9/100 HPs)
             Began as a Troll Monk on May 30, 2016.
             Was a Believer of the Shining One.
             Mangled by tstbtto's ghost (26 damage)
             ... on level 9 of the Dungeon.
             The game lasted 00:18:16 (6363 turns).

Loading the Grappler (Troll Monk)                   Turns: 6363, Time: 00:18:17

Health: -9/100     AC:  7    Str: 21    XL:     10   Next: 40%
Magic:  8/11       EV: 15    Int: 10    God:    the Shining One [**....]
Gold:   581        SH:  9    Dex: 20    Spells: 0 memorised, 9 levels left

rFire  + . .     SeeInvis .       - Unarmed
rCold  + . .     Gourm    +     N - +1 robe {rC+ rF+}
rNeg   + . .     Faith    .     (no shield)
rPois  .         Spirit   .     (helmet restricted)
rElec  .         Dismiss  .     o - +0 cloak
rCorr  .         Reflect  +     (gloves unavailable)
SustAt .         Harm     .     (boots unavailable)
MR     .....                    r - +3 amulet of reflection
Stlth  +.........               n - +5 ring of dexterity
                                w - +4 ring of intelligence

@: divine shield, glowing, not resistant to hostile enchantments, very
unstealthy
A: unfitting armour, claws 3, fast metabolism 3, gourmand, regeneration 2,
shaggy fur 1, tough skin 2
a: Divine Shield, Renounce Religion


You were on level 9 of the Dungeon.
You worshipped the Shining One.
The Shining One was pleased with you.
You were completely stuffed.

You visited 2 branches of the dungeon, and saw 10 of its levels.

You collected 581 gold pieces.

Inventory:

Armour
 o - a +0 cloak (worn)
 N - a +1 robe of resistance (worn)
Jewellery
 n - a +5 ring of dexterity (right claw)
 p - the amulet of Compassion {Dismiss rElec rN+}
   (You found it on level 7 of the Dungeon)

   [amulet of dismissal]

   It may teleport away creatures that harm you.
   It insulates you from electricity.
   It protects you from negative energy.
 r - a +3 amulet of reflection (around neck)
 w - a +4 ring of intelligence (left claw)
 L - an uncursed ring of flight {unknown}
Wands
 a - a wand of disintegration (10/24)
 x - a wand of digging (15/24)
 A - a wand of paralysis (7/24)
 G - a wand of confusion (33/48)
 I - a wand of slowing (31/48)
 J - a wand of digging (21/24)
 K - a wand of iceblast (9/15)
Scrolls
 e - a scroll of enchant armour
 g - 2 scrolls of magic mapping
 k - a scroll of teleportation
 q - 2 scrolls of recharging
 u - 3 scrolls of enchant weapon
 y - 2 scrolls of fog
 C - a scroll of blinking
Potions
 c - 3 potions of flight
 f - 2 potions of cure mutation
 i - 3 potions of might
 j - 3 potions of lignification
 l - a potion of cancellation {unknown}
 m - a potion of heal wounds
 s - a potion of beneficial mutation {unknown}
 t - a potion of agility {unknown}
 v - 3 potions of curing {unknown}
 z - a potion of haste {unknown}
 D - a potion of magic {unknown}
 F - a potion of ambrosia {unknown}
 H - 2 potions of degeneration {unknown}
Books
 E - a book of Minor Magic

   Spells                             Type                      Level
   a - Magic Dart                     Conjuration                  1
   b - Blink                          Translocation                2
   c - Call Imp                       Summoning                    2
   d - Repel Missiles                 Charms/Air                   2
   e - Slow                           Hexes                        2
   f - Conjure Flame                  Conjuration/Fire             3
   g - Mephitic Cloud                 Conjuration/Poison/Air       3
Comestibles
 b - 10 bread rations
 d - 7 meat rations
 h - 2 slices of pizza
 B - 9 fruits
 M - a chunk of flesh


   Skills:
 + Level 6.9 Fighting
 + Level 6.6 Dodging
 - Level 1.1 Stealth
 * Level 11.1 Unarmed Combat
 + Level 3.8 Invocations


You had 9 spell levels left.
You didn't know any spells.

Dungeon Overview and Level Annotations

Branches:
Dungeon (9/15)             Temple (1/1) D:7
   Lair: D:8-11         Orc: D:9-12

Altars:
Ashenzari
Cheibriados
Dithmenos
Elyvilon
Fedhas
Gozag
Hepliaklqana
Kikubaaqudgha
Makhleb
Nemelex Xobeh
Okawaru
Pakellas
Qazlal
Ru
Sif Muna
Trog
Ukayaw
Vehumet
Xom
Yredelemnul
Zin
The Shining One

Shops:
D:8 (

Annotations:
D:4 tstbtto's ghost, amateur MiCK
D:9 tstbtto's ghost, journeyman HOCK


Innate Abilities, Weirdness & Mutations

You are too large for most types of armour.
You have claws for hands.
Your metabolism is lightning-fast.
You like to eat raw meat.
You heal very quickly.
You are covered in fur. (AC +1)
You have very tough skin. (AC +2)


Message History

You scratch tstbtto's ghost.
Tstbtto's ghost is heavily damaged.
Tstbtto's ghost hits you!
* * * LOW HITPOINT WARNING * * *
You are too injured to fight recklessly!
You feel much better. Tstbtto's ghost hits you!!
* * * LOW HITPOINT WARNING * * *
You scratch tstbtto's ghost but do no damage.
Tstbtto's ghost is heavily damaged.
Tstbtto's ghost hits you.
* * * LOW HITPOINT WARNING * * *
You scratch tstbtto's ghost.
Tstbtto's ghost is heavily damaged.
Tstbtto's ghost hits you!!
* * * LOW HITPOINT WARNING * * *
You feel much better. Tstbtto's ghost hits you.
* * * LOW HITPOINT WARNING * * *
A divine shield forms around you!
You feel slightly less full. Tstbtto's ghost hits you!!
You die...

#...##...#..............#....#.
#...#....#..............#....#.
#...#....#.....##########....#.
#...##...#.....#.............#.
#...##...#.....#.............#.
#........+.....#.............#.
#........#.....'.............'.
#....>...#....W#...##..########
#...######(...@#...##..####..##
#...#........?.#...#......#...#
#...#..........#...#......#...'
#...#..........#...#......#...#
#...#..........#...#......#...#
#...'..........#...#......#...#
#...#..........#...#......#...#
#...#..........#...#......#...#
#####..........#...###+########


You could see tstbtto's ghost.

Vanquished Creatures
  Pikel (D:6)
  A manticore (D:8)
  Psyche (D:9)
  Prince Ribbit (D:7)
  Sigmund (D:5)
  A spriggan (D:7)
  6 yaks (D:9)
  A wyvern (D:8)
  A hippogriff (D:5)
  Menkaure (D:6)
  An orc warrior (D:7)
  2 phantoms
  3 ogres
  2 centaurs (D:8)
  A crocodile (D:9)
  A big kobold (D:7)
  2 giant frogs
  A water moccasin skeleton (D:7)
  A howler monkey (D:9)
  7 wights
  A crimson imp (D:9)
  6 hounds
  A jelly (D:9)
  A centaur zombie (D:8)
  2 orc wizards (D:5)
  2 orc priests
  Jessica (D:2)
  A centaur skeleton (D:8)
  A giant frog skeleton (D:9)
  Terence (D:2)
  5 iguanas
  9 worker ants
  Robin (D:3)
  10 adders
  5 gnolls
  2 howler monkey skeletons
  A shadow imp (D:9)
  An ooze (D:3)
  An adder zombie (D:7)
  An adder skeleton (D:7)
  A worm (D:2)
  2 dart slugs
  9 giant geckos
  26 orcs
  2 ball pythons
  12 bats
  6 giant cockroaches
  18 goblins
  11 hobgoblins
  13 jackals
  3 quokkas
  A giant gecko zombie (D:3)
  7 giant newts
  2 jackal skeletons
  13 kobolds
  A quokka skeleton (D:9)
  5 rats
221 creatures vanquished.

Notes
Turn   | Place    | Note
--------------------------------------------------------------
     0 | D:1      | Loading the Troll Monk began the quest for the Orb.
     0 | D:1      | Reached XP level 1. HP: 22/22 MP: 0/0
   140 | D:1      | Reached XP level 2. HP: 18/29 MP: 1/1
   183 | D:1      | Reached XP level 3. HP: 23/36 MP: 2/2
   862 | D:2      | Noticed Jessica
   869 | D:2      | Killed Jessica
   869 | D:2      | Reached XP level 4. HP: 45/45 MP: 3/3
  1035 | D:2      | Reached skill level 5 in Unarmed Combat
  1287 | D:2      | Noticed Terence
  1292 | D:2      | Killed Terence
  1292 | D:2      | Reached XP level 5. HP: 53/53 MP: 4/4
  1344 | D:3      | Found a shadowy altar of Dithmenos.
  1503 | D:3      | Noticed Robin
  1513 | D:3      | Killed Robin
  1950 | D:4      | Reached XP level 6. HP: 60/62 MP: 5/5
  2040 | D:4      | Reached skill level 6 in Unarmed Combat
  2358 | D:4      | Noticed tstbtto's ghost (amateur MiCK)
  2383 | D:4      | Reached XP level 7. HP: 68/70 MP: 6/6
  2399 | D:5      | Entered Level 5 of the Dungeon
  2399 | D:5      | Noticed Sigmund
  2409 | D:5      | Killed Sigmund
  2490 | D:5      | Reached skill level 7 in Unarmed Combat
  2790 | D:5      | Noticed a hippogriff
  2799 | D:5      | Killed a hippogriff
  2799 | D:5      | Reached XP level 8. HP: 78/79 MP: 7/7
  3040 | D:5      | Reached skill level 5 in Fighting
  3292 | D:6      | Reached skill level 8 in Unarmed Combat
  3327 | D:6      | Noticed Menkaure
  3335 | D:6      | Killed Menkaure
  3575 | D:6      | Reached skill level 5 in Dodging
  3600 | D:6      | Noticed Pikel
  3610 | D:6      | Killed Pikel
  3610 | D:6      | Reached skill level 9 in Unarmed Combat
  3610 | D:6      | Reached XP level 9. HP: 75/89 MP: 8/8
  3770 | D:7      | Found a staircase to the Ecumenical Temple.
  3771 | D:7      | Found a sacrificial altar of Ru.
  3778 | Temple   | Entered the Ecumenical Temple
  3918 | Temple   | Became a worshipper of the Shining One
  3918 | Temple   | Reached * piety under the Shining One
  3918 | Temple   | Reached ** piety under the Shining One
  4024 | D:7      | Got a twitching lead amulet
  4050 | D:7      | Found a snail-covered altar of Cheibriados.
  4169 | D:7      | Noticed Prince Ribbit
  4176 | D:7      | Killed Prince Ribbit
  4176 | D:7      | Reached skill level 1 in Invocations
  4248 | D:7      | Found a hazy altar of Hepliaklqana.
  4572 | D:7      | Reached skill level 10 in Unarmed Combat
  4631 | D:7      | Found a sparkling altar of Nemelex Xobeh.
  4632 | D:7      | Found a glowing silver altar of Zin.
  4810 | D:8      | Noticed a manticore
  4817 | D:8      | Killed a manticore
  4910 | D:8      | Found a bloodstained altar of Trog.
  4973 | D:8      | Found Bigiyx's Antique Weapon Shoppe.
  5038 | D:8      | Found a shimmering altar of Xom.
  5569 | D:8      | Reached XP level 10. HP: 100/100 MP: 11/11
  5605 | D:8      | Found a hide-covered altar to Ukayaw.
  5606 | D:8      | Found a shattered altar of Ashenzari.
  5788 | D:9      | Noticed Psyche
  5798 | D:9      | Killed Psyche
  5830 | D:9      | Reached skill level 11 in Unarmed Combat
  6130 | D:9      | Identified the amulet of Compassion {Dismiss rElec rN+} (You found it on level 7 of the Dungeon)
  6245 | D:9      | Noticed tstbtto's ghost (journeyman HOCK)
  6361 | D:9      | HP: 2/100 [tstbtto's ghost (23)]
  6363 | D:9      | Mangled by tstbtto's ghost

Vault maps used:
D:1:      minmay_arrival_open_corners, serial_forest,
          infiniplex_forest_lined_ring, infiniplex_forest_clump_small,
          infiniplex_forest_clump_curved, infiniplex_forest_end_1,
          infiniplex_forest_straight_2, infiniplex_forest_clump_medium,
          infiniplex_forest_lined_3_way, infiniplex_forest_lined_corner
D:2:      first_bread, minmay_misc_feat_columns, uniq_terence, uniq_jessica
D:3:      nicolae_dithmenos_through_a_glass_darkly, uniq_robin
D:4:      minmay_opposing_rooms
D:5:      supply_closet_lemuel, uniq_sigmund
D:6:      uniq_menkaure, uniq_pikel
D:7:      nicolae_ru_awakened_eye, lemuel_crystal_altar, kennysheep_mini,
          kennysheep_mini_moat, lemuel_crystal_altar, the_bakery,
          feat_on_display, uniq_prince_ribbit1
D:8:      bloody_trog, overflow_temple_1_default,
          gammafunk_temple_overflow_statue, serial_shops, nicolae_shop_trees,
          minmay_misc_feat_alley
D:9:      uniq_psyche
Temple:   circular_temple_12

Skill      XL: |  1  2  3  4  5  6  7  8  9 10 |
---------------+-------------------------------+-----
Fighting       | 3 4 5 6 |  6.9
Unarmed Combat | 5 6 7 9 10 11 | 11.1
Dodging        | 3 4 5 6 |  6.6
Invocations    | 3 |  3.8
Stealth        | |  1.1

Action                   |  1- 3 |  4- 6 |  7- 9 | 10-12 || total
-------------------------+-------+-------+-------+-------++-------
Melee: Unarmed           |    83 |   198 |   249 |    78 ||   608
       Punch             |       |     1 |     6 |     8 ||    15
Invok: Divine Shield     |       |       |       |     2 ||     2
  Use: Scroll            |       |    12 |     7 |     3 ||    22
       Potion            |       |       |       |     3 ||     3
 Stab: Sleeping          |     1 |     5 |     5 |       ||    11
       Distracted        |       |       |     1 |       ||     1
  Eat: Chunk             |    13 |    14 |    26 |    11 ||    64
Armor: Robe              |    35 |    47 |    50 |     8 ||   140
Dodge: Dodged            |    46 |    89 |   105 |    22 ||   262
Block: Other             |       |    17 |    19 |    15 ||    51
